 Dungeon Sprint DCSS version 0.30-a0-870-gc5d4c5acee (webtiles) character file.

Game seed: 12820517357337512238

1206 rocky1 the Unseen (level 8, 0/46 HPs)
             Began as a Gargoyle Brigand on Mar 12, 2023.
             Was an Initiate of Gozag.
             Killed from afar by a burning bush (15 damage)
             ... with a puff of flame
             ... in the Dungeon (Sprint IV: "Fedhas' Mad Dash").
             The game lasted 00:04:44 (1589 turns).

rocky1 the Unseen (Gargoyle Brigand)                Turns: 1589, Time: 00:04:44

Health: 0/46       AC:  8    Str: 16    XL:     8   Next: 45%
Magic:  8/8        EV: 12    Int: 11    God:    Gozag
Gold:   837        SH:  0    Dex: 13    Spells: 7/7 levels left

rFire   . . .      SeeInvis .    a - +2 dagger
rCold   . . .      Faith    .    (no shield)
rNeg    + . .      Spirit   .    b - +0 robe
rPois   ∞          Reflect  .    (no helmet)
rElec   +          Rampage  .    c - +0 cloak
rCorr   .          NoTele   +    (no gloves)
Will    .....                    (no boots)
Stlth   +++++++                  j - amulet of invisibility {+Inv}
HPRegen 0.27/turn                (no ring)
MPRegen 0.11/turn                (no ring)

@: very slightly contaminated, invisible (expiring)
A: sickness immunity, AC +5, negative energy resistance 1, electricity
resistance, torment resistance 1, petrification resistance
a: Renounce Religion, Evoke Invisibility, Potion Petition, Call Merchant, Bribe
Branch


You were in the Dungeon.
You worshipped Gozag.
Gozag was pleased with you.
You visited 1 branch You collected 837 gold pieces.

Inventory:

Hand Weapons
 a - a +2 dagger (weapon)
Missiles
 d - 9 poisoned darts (quivered)
 e - 3 curare-tipped darts
Armour
 b - a +0 robe (worn)
 c - a +0 cloak (worn)
Jewellery
 g - an amulet of the acrobat
 j - the amulet of invisibility (around neck) {+Inv}
   (You found it in the Dungeon)

   [amulet of nothing]

   +Inv:      It lets you turn invisible.
Scrolls
 k - a scroll of identify {unknown}
 l - a scroll of fear {unknown}
Potions
 f - a potion of curing
 h - a potion of haste
 i - 2 potions of magic
 m - a potion of flight {unknown}


   Skills:
 + Level 3.1 Fighting
 + Level 6.0 Short Blades
 - Level 1.7 Throwing
 - Level 1.3 Dodging
 * Level 19.6 Stealth
 - Level 1.2 Evocations


You had 7 spell levels left.
You didn't know any spells.
Your spell library was empty.

Dungeon Overview and Level Annotations

Branches:
Dungeon (1/1)

Altars:
Cheibriados
Dithmenos
Elyvilon
Gozag
Hepliaklqana
Kikubaaqudgha
Makhleb
Nemelex Xobeh
Okawaru
Qazlal
Ru
Sif Muna
Trog
Uskayaw
Vehumet
Wu Jian
Xom
Yredelemnul
Zin
The Shining One
Jiyva
Lugonu

Annotations:
D exclusions: oklob plant and oklob sapling


Innate Abilities, Weirdness & Mutations

You are immune to sickness and miasma.
Your stone body is resilient. (AC +5)
You are immune to poison.
You resist negative energy. (rN+)
You are resistant to electric shocks. (rElec)
You are resistant to unholy torment.
You are immune to petrification.


Message History

The burning bush is lightly damaged.
You hit the burning bush but do no damage.
The burning bush is lightly damaged.
You hit the burning bush but do no damage.
The burning bush is lightly damaged.
The burning bush throws fire at you. The puff of flame hits you.
You hit the burning bush but do no damage.
The burning bush is lightly damaged.
You hit the burning bush but do no damage.
The burning bush is lightly damaged.
You hit the burning bush but do no damage.
The burning bush is lightly damaged.
You hit the burning bush but do no damage.
The burning bush is lightly damaged.
You flicker for a moment.
You hit the burning bush but do no damage.
The burning bush is lightly damaged.
You hit the burning bush but do no damage.
The burning bush is lightly damaged.
You completely miss the burning bush.
The burning bush is lightly damaged.
You hit the burning bush.
The burning bush is lightly damaged.
You hit the burning bush but do no damage.
The burning bush is lightly damaged.
The burning bush throws fire at you. The puff of flame misses you.
You hit the burning bush but do no damage.
The burning bush is lightly damaged.
The burning bush throws fire at you. The puff of flame hits you!
You hit the burning bush.
The burning bush is moderately damaged.
You hit the burning bush but do no damage.
The burning bush is moderately damaged.
The burning bush throws fire at you. The puff of flame hits you!
You die...
Your body crumbles into a pile of gold.

#<..P#.....#.....#.⌠._._.
#.P..'.)...'.#...'.._._._
#PPPP#.....#.#...#..._._.
###############'##.._._._
#...♣........'...#._._._.
#......♣.....#...########
#.....♣..♣..######
##'####'######P:
#..#....@......f
#..#.|###P...P.. $
####### #######


You could see an oklob plant (dormant), a wandering mushroom (dormant), a
burning bush and an oklob sapling (dormant).

Vanquished Creatures
  An oklob plant (D)
  A burning bush (D)
  A queen bee (D)
  A scorpion (D)
  4 killer bees (D)
  4 oklob saplings (D)
  A river rat (D)
  A rat (D)
14 creatures vanquished.

Vanquished Creatures (others)
  A fungus (D)
1 creature vanquished.

Grand Total: 15 creatures vanquished

Notes
Turn   | Place    | Note
-------+----------+-------------------------------------------
     0 | D        | rocky1 the Gargoyle Brigand began the quest for the Orb.
     0 | D        | Reached XP level 1. HP: 12/12 MP: 1/1
    22 | D        | Reached skill level 6 in Stealth
    22 | D        | Reached XP level 2. HP: 10/17 MP: 2/2
   163 | D        | Noticed an oklob sapling
   165 | D        | Killed an oklob sapling
   166 | D        | Reached skill level 7 in Stealth
   166 | D        | Reached XP level 3. HP: 21/21 MP: 3/3
   168 | D        | Noticed a scorpion
   168 | D        | Found the amulet of invisibility {+Inv}
   170 | D        | Killed a scorpion
   171 | D        | Reached skill level 9 in Stealth
   171 | D        | Reached XP level 4. HP: 26/26 MP: 4/4
   209 | D        | Found an opulent altar of Gozag.
   209 | D        | Found a hazy altar of Hepliaklqana.
   209 | D        | Found a burning altar of Makhleb.
   209 | D        | Found a sparkling altar of Nemelex Xobeh.
   209 | D        | Found a snail-covered altar of Cheibriados.
   209 | D        | Found a sacrificial altar of Ru.
   209 | D        | Found a shimmering blue altar of Sif Muna.
   209 | D        | Found a shimmering altar of Xom.
   209 | D        | Found a basalt altar of Yredelemnul.
   210 | D        | Found a viscous altar of Jiyva.
   210 | D        | Found a bloodstained altar of Trog.
   210 | D        | Found an ornate altar of the Wu Jian Council.
   210 | D        | Noticed an oklob sapling priest
   211 | D        | Found an iron altar of Okawaru.
   211 | D        | Found a shadowy altar of Dithmenos.
   211 | D        | Found a glowing silver altar of Zin.
   212 | D        | Found an ancient bone altar of Kikubaaqudgha.
   212 | D        | Found a hide-covered altar of Uskayaw.
   213 | D        | Found a stormy altar of Qazlal.
   213 | D        | Found a white marble altar of Elyvilon.
   213 | D        | Found a glowing golden altar of the Shining One.
   215 | D        | Found a radiant altar of Vehumet.
   215 | D        | Found a corrupted altar of Lugonu.
   218 | D        | Killed an oklob sapling priest
   219 | D        | Reached skill level 5 in Short Blades
   219 | D        | Reached skill level 1 in Dodging
   219 | D        | Reached skill level 10 in Stealth
   219 | D        | Reached XP level 5. HP: 31/31 MP: 5/5
   223 | D        | Became a worshipper of Gozag Ym Sagoz the Greedy
   234 | D        | Reached skill level 11 in Stealth
   234 | D        | Reached skill level 1 in Evocations
   567 | D        | Reached skill level 12 in Stealth
   609 | D        | Noticed a queen bee
   616 | D        | Reached XP level 6. HP: 37/37 MP: 6/6
   751 | D        | Reached skill level 13 in Stealth
   757 | D        | Killed a queen bee
   758 | D        | Reached skill level 16 in Stealth
   758 | D        | Reached XP level 7. HP: 28/41 MP: 7/7
  1069 | D        | Noticed an oklob plant
  1361 | D        | Killed an oklob plant
  1362 | D        | Reached skill level 18 in Stealth
  1362 | D        | Reached XP level 8. HP: 38/46 MP: 8/8
  1381 | D        | Noticed a burning bush
  1385 | D        | Killed a burning bush
  1386 | D        | Reached skill level 19 in Stealth
  1563 | D        | Noticed a burning bush
  1563 | D        | Noticed an oklob plant
  1568 | D        | Noticed a wandering mushroom
  1589 | D        | Killed from afar by a burning bush

Illustrated notes

Levels and vault maps discovered:
D:        dungeon_sprint_fedhas [sprint_temple]

Skill      XL: |  1  2  3  4  5  6  7  8 |
---------------+-------------------------+-----
Short Blades   | 2 3 4 5 6 |  6.0
Stealth        | 6 7 9 10 12 16 18 19 | 19.6
Dodging        | 1 |  1.3
Evocations     | 1 |  1.2
Fighting       | 3 |  3.1
Throwing       | |  1.7

Action                     |  1- 3 |  4- 6 |  7- 9 || total
---------------------------+-------+-------+-------++-------
  Melee: Dagger            |    13 |    12 |    45 ||    70
         Punch             |       |       |     2 ||     2
Ability: Evoke Invisibilit |       |     3 |     2 ||     5
    Use: Potion            |     1 |       |     1 ||     2
         Scroll            |       |     1 |       ||     1
   Stab: Sleeping          |     2 |     3 |     1 ||     6
         Invisible         |       |     4 |     3 ||     7
 Armour: Robe              |     1 |       |     3 ||     4
  Dodge: Dodged            |     9 |     6 |    15 ||    30

Table legend: (Time is in decaauts)
 A = Elapsed time spent in this place.
 B = Non-inter-level travel time spent in this place.
 C = Inter-level travel time spent in this place.
 D = Time resting spent in this place.
 E = Time spent auto-exploring this place.
 F = Levels seen in this place.
 G = Mean time per level.
                   A        B        C        D        E       F      G
               +--------+--------+--------+--------+--------+-----+--------+
         Total |   1579 |   1563 |     16 |   1205 |      0 |   1 | 1579.0 |
       Dungeon |   1579 |   1563 |     16 |   1205 |      0 |   1 | 1579.0 |
               +--------+--------+--------+--------+--------+-----+--------+

Top non-repeatable levels by time:
       D: 1579 daAuts
